 Dungeon Crawl Stone Soup version 0.19-a0-503-g45a6586 (webtiles) character file.

199 Kidiri the Magician (level 5, -9/28 HPs)
             Began as a Deep Elf Fire Elementalist on June 5, 2016.
             Hit by a stone thrown by an orc warrior (16 damage)
             ... on level 3 of the Dungeon.
             The game lasted 00:09:07 (3352 turns).

Kidiri the Magician (Deep Elf Fire Elementalist)    Turns: 3352, Time: 00:09:08

Health: -9/28      AC:  3    Str:  5    XL:     5   Next: 48%
Magic:  7/14       EV: 13    Int: 21    God:
Gold:   97         SH:  0    Dex: 15    Spells: 5 memorised, 0 levels left

rFire  . . .     SeeInvis .     f - +0 dagger
rCold  . . .     Gourm    .     a - +1 robe
rNeg   . . .     Faith    .     (no shield)
rPois  .         Spirit   .     (no helmet)
rElec  .         Dismiss  .     (no cloak)
rCorr  .         Reflect  .     (no gloves)
SustAt .         Harm     .     (no boots)
MR     .....                    (no amulet)
Stlth  ++........               (no ring)
                                (no ring)

@: very slightly contaminated, not resistant to hostile enchantments, unstealthy
A: no striking features
a: no special abilities


You were on level 3 of the Dungeon.
You were not hungry.

You visited 1 branch of the dungeon, and saw 3 of its levels.

You collected 97 gold pieces.

Inventory:

Hand Weapons
 f - a +0 dagger (weapon)
Missiles
 m - 3 stones (quivered)
Armour
 a - a +1 robe (worn)
 j - a +0 leather armour
Wands
 u - a wand of digging (23/24)
Scrolls
 d - a scroll of remove curse
 e - a scroll of identify
 h - a scroll of teleportation
 k - a scroll of recharging
Potions
 l - a potion of heal wounds
 n - a potion of cure mutation
 r - a potion of lignification
 t - a potion of curing
 v - a potion of flight
Books
 b - a book of Flames

   Spells                             Type                      Level
   a - Flame Tongue                   Conjuration/Fire             1
   b - Throw Flame                    Conjuration/Fire             2
   c - Conjure Flame                  Conjuration/Fire             3
   d - Inner Flame                    Hexes/Fire                   3
   e - Sticky Flame                   Conjuration/Fire             4
   f - Fireball                       Conjuration/Fire             5
Comestibles
 c - 2 bread rations
 g - 4 chunks of flesh
 i - a beef jerky
 o - a meat ration


   Skills:
 - Level 2.4 Dodging
 - Level 2.4 Stealth
 * Level 4.9 Spellcasting
 * Level 3.4 Conjurations
 * Level 4.9 Fire Magic


You couldn't memorise any spells.
You knew the following spells:

 Your Spells              Type           Power        Failure   Level  Hunger
a - Flame Tongue          Conj/Fire      ###..        1%          1    None
b - Throw Flame           Conj/Fire      ###...       3%          2    None
c - Conjure Flame         Conj/Fire      ###.....     10%         3    ##.....
d - Inner Flame           Hex/Fire       ###.....     14%         3    ##.....
e - Sticky Flame          Conj/Fire      ###.....     24%         4    ####...


Dungeon Overview and Level Annotations

Branches:
Dungeon (3/15)

Altars:


Message History

The orc warrior throws a stone.
The stone hits you but does no damage.
Some of the chunks of flesh in your inventory have rotted away.
Casting: Flame Tongue
Confirm with . or Enter, or press ? or * to list all spells.
Aiming: Conjure Flame
Press: ? - help, Dir - move target cursor The fire roars!
The orc warrior throws a stone.
The stone hits you!
* * * LOW HITPOINT WARNING * * *
Casting: Conjure Flame
Confirm with . or Enter, or press ? or * to list all spells.
Aiming: Flame Tongue
Press: ? - help, Shift-Dir - straight line, f - orc warrior
Aim: an orc warrior, wielding a long sword and wearing a chain mail
Okay, then.
The orc warrior throws a stone.
The stone closely misses you.
The orc warrior throws a stone.
The stone barely misses you.
The orc warrior throws a stone.
The stone closely misses you.
The orc warrior throws a stone.
The stone hits you!
Ouch! That really hurt!
You die...

##..####.# *,,*
**,*****,***,
.........# *,.#
*,,,,,,,,,,,
##..###### *,.#
****,,,,,,,, ....#
*,.#******,**,****
##.##
*,..,,,,,,,,,,*
#.#
**.#*****,,****
#.# *.# *,** #.#
##########.# *,*
**** #.#
#.o§†(...@.# *,*
*,,, #)#
#.########## *,*
*,** ##.# #.# *,*
*,* ...# #o# *,*
*,* .#######.#
*,*****,**
.....o...#
*,,,,,,,,*
.#########
*********,,*
.#*****
*,,,,,,,,,,*
.#*,,,*
*,******#.##


You could see an orc warrior.

Vanquished Creatures
  The ghost of p0werm0de the Sneak, an amateur OpAr of Gozag (D:3)
  A quasit (D:3)
  3 adders
  3 worms
  A dart slug (D:1)
  A giant gecko (D:1)
  3 ball pythons
  13 bats
  5 giant cockroaches
  3 goblins (D:1)
  6 hobgoblins
  10 kobolds
  4 giant newts
  2 rats
56 creatures vanquished.

Vanquished Creatures (others)
  4 toadstools (D:1)
4 creatures vanquished.

Grand Total: 60 creatures vanquished

Notes
Turn   | Place    | Note
--------------------------------------------------------------
     0 | D:1      | Kidiri the Deep Elf Fire Elementalist began the quest for the Orb.
     0 | D:1      | Reached XP level 1. HP: 10/10 MP: 6/6
   136 | D:1      | Reached XP level 2. HP: 10/15 MP: 0/8
   140 | D:1      | Learned a level 2 spell: Throw Flame
   987 | D:2      | Reached XP level 3. HP: 19/19 MP: 0/9
   992 | D:2      | Learned a level 3 spell: Conjure Flame
  1554 | D:2      | Learned a level 3 spell: Inner Flame
  2205 | D:3      | Found a faded altar of an unknown god.
  2286 | D:3      | Noticed p0werm0de's ghost (amateur OpAr)
  2395 | D:2      | Reached XP level 4. HP: 8/24 MP: 0/11
  2845 | D:3      | Killed p0werm0de's ghost
  2845 | D:3      | Reached XP level 5. HP: 20/28 MP: 0/13
  2864 | D:3      | Learned a level 4 spell: Sticky Flame
  2973 | D:3      | Noticed an orc warrior
  3352 | D:3      | Hit by a stone thrown by an orc warrior

Vault maps used:
D:1:      ldierk_walled_garden_2
D:3:      ecumenical_altar_1, grunt_ministairs_2

Skill      XL: |  1  2  3  4 |
---------------+-------------+-----
Conjurations   | 2 3 |  3.4
Fire Magic     | 4 |  4.9
Spellcasting   | 4 |  4.9
Dodging        | |  2.4
Stealth        | |  2.4

Action                   |  1- 3 |  4- 6 || total
-------------------------+-------+-------++-------
Melee: Dagger            |    15 |    13 ||    28
 Cast: Flame Tongue      |    58 |    36 ||    94
       Throw Flame       |    24 |     6 ||    30
       Conjure Flame     |     2 |     3 ||     5
       Sticky Flame      |       |     1 ||     1
  Use: Potion            |     2 |     2 ||     4
       Scroll            |       |    11 ||    11
 Stab: Sleeping          |     1 |       ||     1
  Eat: Chunk             |     4 |     3 ||     7
       Beef jerky        |     1 |       ||     1
Armor: Skin              |     4 |       ||     4
       Robe              |     2 |     7 ||     9
Dodge: Dodged            |    23 |    30 ||    53
